Map: Ascension to Aiur LE

Players

liquidthermy (uThermal)

  • Race: Terran Terran
  • League: Grandmaster
  • Spawn Location: 11:00

Guru - Winner!

  • Race: Zerg Zerg
  • League: Grandmaster
  • Spawn Location: 5:00

Event: HomeStory Cup XVI

VOD

Have the link to the VOD?

Description

Time

  • Played on: Nov. 9, 2017, 8:46 a.m.
  • Length: 16:42

All games in this series

Show
View Real Time Build Order
Export as new Build Order

liquidthermy Terran 

Build Orders: Reaper Expand, Hellion Banshee, Mech 

Get SALT Encoding   

  12  0:01  SCV  
  13  0:14  SCV  
  14  0:17  Supply Depot  
  14  0:26  SCV  
  15  0:39  Barracks, SCV  
  16  0:44  Refinery  
  16  0:51  SCV  
  17  1:03  SCV  
  18  1:15  SCV  
  19  1:26  Reaper  
  19  1:28  Orbital Command  
  20  1:39  Command Center  
  20  1:47  Supply Depot  
  20  1:53  SCV  
  21  1:58  Marine  
  22  2:05  SCV  
  22  2:08  Factory  
  23  2:12  Refinery  
  23  2:18  SCV  
  23  2:21  Barracks Reactor  
  24  2:30  SCV  
  25  2:42  SCV  
  26  2:52  Starport  
  26  2:53  Orbital Command  
  26  2:54  SCV  
  27  3:00  Hellion  
  27  3:01  Hellion  
  27  3:03  Barracks Tech Lab  
  31  3:06  SCV  
  32  3:18  SCV  
  32  3:19  SCV  
  34  3:22  Hellion x2  
  38  3:30  SCV  
  38  3:31  SCV  
  40  3:35  Supply Depot, Cloaking Field, Viking  
  42  3:42  SCV  
  42  3:43  SCV  
  44  3:54  SCV  
  45  3:56  SCV  
  46  4:05  Command Center, Banshee  
  46  4:09  SCV  
  49  4:10  SCV  
  49  4:13  Supply Depot  
  50  4:18  Refinery  
  50  4:19  Refinery  
  50  4:22  SCV x2  
  52  4:28  Armory  
  52  4:30  Armory  
  54  4:31  Hellion  
  54  4:35  Hellion  
  54  4:37  SCV  
  57  4:39  SCV  
  58  4:46  Supply Depot  
  58  4:49  SCV  
  58  4:51  SCV  
  60  4:58  Barracks Tech Lab  
  60  5:00  Factory x2  
  60  5:01  SCV  
  60  5:03  SCV  
  60  5:06  Starport Reactor  
  62  5:09  Supply Depot  
  62  5:11  Hellion  
  62  5:13  Hellion  
  66  5:14  SCV  
  66  5:21  Terran Vehicle And Ship Armor Level 1, Terran Vehicle Weapons Level 1  
  67  5:22  SCV  
  67  5:32  Supply Depot, Hellion  
  67  5:34  SCV  
  67  5:35  SCV  
  71  5:42  Hellion  
  73  5:44  Supply Depot  
  73  5:47  SCV x2  
  75  5:52  Siege Tank  
  75  5:53  Hellion  
  75  5:55  Hellion  
  81  5:59  SCV  
  78  6:07  Orbital Command  
  78  6:09  Supply Depot  
  73  6:13  Supply Depot  
  72  6:19  Orbital Command  
  72  6:30  SCV  
  73  6:38  Hellion x9  
  73  6:42  SCV  
  73  6:45  SCV  
  73  6:47  Refinery  
  73  6:48  Refinery  
  73  6:52  Orbital Command  
  73  6:54  SCV  
  73  6:57  SCV  
  75  7:02  Thor  
  75  7:06  Thor, SCV  
  88  7:09  SCV  
  89  7:17  Medivac, Supply Depot  
  89  7:19  SCV  
  89  7:21  SCV  
  93  7:28  Supply Depot  
  93  7:30  Supply Depot  
  93  7:34  Refinery  
  93  7:36  Refinery  
  93  7:38  Medivac, SCV x3  
  93  7:41  Supply Depot  
  98  7:44  Engineering Bay  
  98  7:46  Terran Vehicle Weapons Level 2  
  98  7:50  Refinery, SCV x2  
  100  7:51  SCV  
  100  7:53  Supply Depot  
  100  7:55  Hellion x2  
  105  7:58  Terran Vehicle And Ship Armor Level 2  
  105  8:01  Hellion  
  105  8:02  SCV x2  
  105  8:04  SCV  
  110  8:09  Supply Depot, Hellion  
  112  8:14  SCV x2  
  112  8:16  Hellion x2  
  112  8:17  Missile Turret  
  116  8:20  Supply Depot, SCV  
  116  8:26  SCV x2  
  119  8:27  Siege Tank  
  119  8:30  Missile Turret  
  119  8:32  SCV  
  123  8:36  Factory  
  123  8:37  Factory  
  123  8:41  Hellion, Siege Tank  
  126  8:44  Supply Depot  
  126  8:45  Medivac x2  
  126  8:47  Hellion  
  134  8:56  Supply Depot  
  134  8:57  Supply Depot  
  134  9:04  Siege Tank  
  134  9:06  Infernal Pre-Igniter  
  137  9:13  Command Center  
  137  9:15  Siege Tank  
  137  9:16  Hellion x2  
  144  9:18  SCV  
  144  9:19  SCV  
  146  9:25  Factory Tech Lab  
  146  9:26  Factory Reactor  
  146  9:29  Viking  
  146  9:30  Viking  
  150  9:31  Supply Depot  
  150  9:34  Hellion  
  150  9:37  Hellion  
  156  9:38  Hellion x2  
  156  9:43  Hellion  
  158  9:48  Siege Tank  
  158  9:49  Hellion  
  161  9:58  Hellion  
  164  10:00  Hellion x2  
  164  10:05  Supply Depot, Terran Vehicle Weapons Level 3, Hellion  
  166  10:08  Viking  
  166  10:12  Viking  
  170  10:16  Supply Depot  
  170  10:19  Siege Tank  
  170  10:21  Terran Vehicle And Ship Armor Level 3, Siege Tank  
  173  10:27  Siege Tank  
  167  10:30  Hellion  
  167  10:34  Hellion  
  142  10:51  Siege Tank  
  142  10:53  Siege Tank  
  144  10:59  Siege Tank  
  144  11:00  Hellion  
  135  11:10  Orbital Command, Hellion  
  119  11:24  Siege Tank  
  119  11:25  Siege Tank  
  113  11:28  Hellion  
  113  11:31  Siege Tank  
  113  11:32  Hellion  
  111  11:35  Hellion x2  
  111  11:38  Hellion  
  93  11:51  Hellion  
  92  11:56  Siege Tank  
  92  11:57  Siege Tank  
  98  12:05  SCV  
  98  12:06  Command Center  
  98  12:07  SCV  
  98  12:08  SCV  
  101  12:14  Hellion  
  103  12:17  Hellion  
  103  12:18  SCV  
  103  12:19  SCV  
  103  12:20  SCV  
  106  12:23  Hellion  
  106  12:25  Hellion x2  
  106  12:28  Viking  
  106  12:30  SCV  
  106  12:32  Viking  
  106  12:33  SCV  
  113  12:37  Siege Tank  
  113  12:39  Siege Tank  
  116  12:44  Missile Turret  
  116  12:45  SCV  
  116  12:50  Missile Turret  
  116  12:51  Thor  
  123  12:53  Hellion x2  
  123  12:56  Hellion  
  129  13:00  Terran Ship Weapons Level 1  
  129  13:02  Medivac x2  
  129  13:05  Supply Depot  
  133  13:09  Siege Tank  
  133  13:11  Siege Tank  
  139  13:13  Hellion  
  139  13:14  Hellion  
  139  13:17  Supply Depot  
  143  13:20  Supply Depot  
  143  13:23  Hellion  
  143  13:28  Hellion  
  141  13:34  Medivac, Hellion  
  141  13:35  Hellion  
  141  13:41  Siege Tank  
  150  13:44  Hellion  
  150  13:46  Refinery  
  150  13:47  Hellion  
  154  13:51  Medivac  
  154  13:54  Refinery  
  154  13:55  Hellion  
  158  13:56  Refinery  
  158  13:59  Supply Depot  
  158  14:04  Hellion  
  158  14:05  Siege Tank  
  158  14:06  Hellion x8, Planetary Fortress  
  160  14:11  Hellion  
  160  14:12  Sensor Tower  
  160  14:15  Hellion  
  150  14:22  Hellion, Siege Tank  
  149  14:26  Medivac  
  151  14:33  Refinery  
  151  14:35  Hellion  
  151  14:37  Hellion  
  149  14:39  Hellion  
  149  14:44  Hellion  
  151  14:46  Hellion  
  149  14:53  Hellion x9  
  149  14:54  Siege Tank  
  149  14:55  Hellion  
  149  14:59  Hellion  
  149  15:03  Hellion  
  138  15:07  Hellion  
  140  15:25  Hellion x2, Siege Tank x2  
  150  15:31  Siege Tank  
  155  15:35  Hellion  
  155  15:43  Hellion  
  155  15:46  Hellion  
  155  15:48  Hellion  
  141  15:57  Hellion x2  
  141  16:02  Hellion  
  134  16:05  Hellion  
  133  16:13  Hellion  
  132  16:21  Hellion  
Show
View Real Time Build Order
Export as new Build Order

Guru Zerg - Winner!

Build Orders: Hatch First, Swarm Host 

Get SALT Encoding   

  12  0:01  Drone  
  13  0:12  Overlord  
  13  0:18  Drone  
  14  0:31  Drone x2  
  14  0:35  Drone  
  17  0:51  Hatchery  
  17  0:54  Drone  
  17  1:08  Spawning Pool  
  17  1:11  Extractor  
  15  1:12  Drone  
  15  1:17  Drone  
  17  1:21  Drone  
  18  1:28  Drone  
  19  1:38  Drone  
  20  1:55  Queen  
  22  2:03  Queen  
  22  2:04  Zergling x2  
  25  2:09  Hatchery  
  25  2:14  Drone  
  25  2:17  Metabolic Boost  
  25  2:21  Drone  
  26  2:29  Overlord  
  25  2:31  Drone  
  25  2:35  Drone x2  
  28  2:46  Overlord  
  28  2:48  Drone x2  
  28  2:49  Drone  
  31  2:56  Zergling x2  
  32  3:04  Zergling x4  
  32  3:05  Drone x2  
  36  3:06  Drone  
  37  3:15  Drone x2  
  37  3:16  Drone x2  
  37  3:18  Drone  
  42  3:21  Drone x2  
  44  3:31  Drone  
  44  3:32  Overlord, Roach Warren  
  44  3:37  Queen  
  46  3:42  Zergling x2  
  46  3:43  Zergling x4  
  46  3:46  Zergling x2  
  49  3:49  Overlord  
  49  3:56  Overlord  
  49  3:59  Overlord  
  49  4:09  Drone x5  
  54  4:10  Queen  
  54  4:16  Roach x3  
  54  4:17  Queen  
  62  4:18  Drone  
  62  4:20  Drone  
  62  4:22  Drone x2  
  62  4:24  Drone  
  69  4:27  Roach  
  69  4:28  Roach  
  75  4:31  Roach  
  75  4:33  Roach  
  75  4:35  Roach  
  75  4:38  Overlord  
  79  4:40  Roach  
  79  4:43  Overlord  
  79  4:44  Overlord  
  81  4:49  Overlord  
  81  4:53  Overlord  
  81  4:55  Overlord  
  81  5:03  Zergling x4  
  81  5:04  Zergling x12  
  89  5:10  Zergling x4  
  91  5:15  Zergling x4  
  91  5:18  Spore Crawler x2  
  91  5:19  Spore Crawler, Drone  
  91  5:20  Overlord  
  91  5:22  Drone  
  91  5:23  Overlord  
  91  5:25  Drone x2  
  91  5:26  Overlord  
  93  5:30  Overlord  
  93  5:32  Drone x3  
  93  5:34  Drone x2  
  94  5:37  Drone  
  91  5:44  Lair  
  91  5:51  Drone  
  91  5:52  Drone x2  
  91  5:56  Drone  
  91  5:57  Drone x3  
  95  6:13  Drone x2  
  95  6:14  Drone x5  
  95  6:15  Drone  
  103  6:18  Extractor  
  103  6:19  Evolution Chamber x2, Extractor  
  103  6:20  Drone  
  103  6:23  Drone x3  
  99  6:27  Extractor  
  99  6:29  Drone x2  
  99  6:32  Drone x2  
  102  6:38  Overlord  
  98  6:41  Drone  
  98  6:44  Spore Crawler  
  88  6:47  Zerg Missile Weapons Level 1, Zerg Ground Armor Level 1  
  88  6:49  Drone  
  88  6:50  Extractor, Glial Reconstitution, Drone x3  
  91  6:56  Hatchery  
  91  7:01  Extractor, Drone x2  
  89  7:02  Drone x2  
  89  7:03  Roach  
  89  7:04  Roach x3  
  89  7:07  Roach  
  89  7:08  Roach  
  103  7:12  Roach  
  105  7:20  Roach  
  105  7:22  Roach x3  
  113  7:25  Roach x2  
  113  7:28  Overseer  
  117  7:31  Roach  
  117  7:32  Roach x2  
  117  7:34  Roach x3  
  129  7:39  Drone x2  
  129  7:40  Drone  
  129  7:42  Hatchery  
  126  7:51  Roach  
  126  7:52  Roach x6  
  126  7:55  Drone x2  
  142  8:00  Infestation Pit, Drone  
  142  8:01  Hydralisk Den  
  142  8:04  Roach  
  142  8:05  Drone  
  144  8:06  Extractor  
  144  8:07  Overlord x2  
  143  8:15  Overlord  
  143  8:19  Spore Crawler  
  142  8:26  Drone x2  
  144  8:28  Drone x2  
  144  8:29  Drone x3  
  144  8:30  Drone x2  
  144  8:33  Hydralisk x2  
  144  8:34  Muscular Augments, Hydralisk  
  153  8:37  Spore Crawler  
  156  8:42  Hydralisk x3  
  161  8:51  Zerg Missile Weapons Level 2, Zerg Ground Armor Level 2  
  161  8:52  Extractor  
  161  8:54  Overlord  
  160  8:55  Overlord  
  160  8:58  Overlord  
  160  9:01  Hydralisk x3  
  166  9:07  Overlord  
  166  9:10  Overlord  
  166  9:15  Roach x2  
  166  9:16  Hydralisk x4  
  176  9:20  Drone  
  176  9:21  Spore Crawler  
  181  9:24  Roach x4  
  181  9:26  Roach x2  
  181  9:28  Roach  
  181  9:31  Hive  
  188  9:42  Infestation Pit  
  188  9:43  Drone x2  
  189  9:46  Spine Crawler  
  189  9:47  Spine Crawler, Baneling Nest  
  189  9:48  Hatchery  
  189  9:49  Spine Crawler, Drone x3  
  189  9:50  Spine Crawler x2, Drone  
  186  10:03  Drone  
  186  10:04  Drone  
  176  10:39  Zergling x2  
  176  10:40  Zergling x26  
  176  10:41  Zergling x8  
  189  10:44  Centrifical Hooks  
  189  10:45  Spire  
  165  10:54  Hydralisk x3  
  133  11:15  Hydralisk x3  
  133  11:16  Hydralisk x7  
  133  11:17  Hydralisk x2  
  137  11:23  Hydralisk  
  137  11:24  Hydralisk  
  129  11:26  Queen  
  129  11:27  Hydralisk x3  
  129  11:28  Hydralisk  
  131  11:36  Hydralisk x4  
  127  11:53  Drone  
  126  12:02  Hatchery  
  126  12:03  Swarm Host x9  
  126  12:07  Swarm Host x3  
  126  12:08  Swarm Host x3  
  158  12:27  Drone x2  
  158  12:28  Swarm Host, Drone x2  
  158  12:29  Swarm Host x3  
  171  12:30  Queen  
  171  12:31  Queen  
  175  12:45  Drone  
  175  12:46  Zerg Flyer Weapons Level 1, Drone x2  
  178  12:59  Swarm Host x3  
  187  13:11  Hydralisk  
  187  13:12  Hydralisk x6  
  183  13:13  Hydralisk x4  
  197  13:25  Drone x2  
  197  13:26  Drone x3  
  199  13:32  Zergling x2  
  200  13:53  Zerg Melee Weapons Level 1  
  200  14:07  Zergling x4  
  188  14:18  Hydralisk x2  
  188  14:37  Drone  
  181  14:39  Spine Crawler, Hydralisk x3  
  181  14:40  Zergling x2  
  181  14:41  Zergling x34  
  188  14:59  Hydralisk x3  
  190  15:00  Hydralisk  
  190  15:01  Zergling x4  
  190  15:02  Zergling x4  
  199  15:07  Zergling x4  
  199  15:12  Spore Crawler, Lair  
  199  15:17  Drone  
  199  15:20  Baneling x11  
  199  15:21  Baneling  
  200  15:30  Hatchery  
  199  15:42  Baneling x7  
  199  15:43  Baneling x10  
  196  16:02  Hydralisk x3  
  196  16:03  Hydralisk  
  198  16:04  Zergling x2  
  198  16:05  Zergling x4  
  198  16:07  Hydralisk x2  
  198  16:08  Hydralisk x2  
  198  16:10  Zergling x4  
  196  16:14  Zergling x4  
  196  16:15  Zergling x12  
  196  16:16  Zergling x8  
  196  16:18  Zergling x4  
Tags
 
Add a new tag
Caveats
  • Supply blocks, unpowered buildings, or Contaminate may cause inaccurate times.
  • Supply counts are checked every 10 seconds.